 Dungeon Crawl Stone Soup version 0.28.0-43-g3370ac3207 (webtiles) character file.

Game seed: 12473287914717454811

272 DearestLeader the Skirmisher (level 6, -3/53 HPs)
             Began as a Gnoll Wanderer on Feb 28, 2022.
             Killed from afar by Ijyb (4 damage)
             ... with a puff of flame
             ... on level 4 of the Dungeon.
             The game lasted 00:05:41 (2753 turns).

DearestLeader the Skirmisher (Gnoll Wanderer)       Turns: 2753, Time: 00:05:41

Health: -3/53      AC:  4    Str: 15    XL:     6   Next: 23%
Magic:  0/11       EV: 11    Int:  8    God:
Gold:   107        SH:  0    Dex: 13    Spells: 9/11 levels left

rFire   . . .      SeeInvis .   o - +1 scythe (vamp)
rCold   . . .      Faith    .   (shield currently unavailable)
rNeg    . . .      Spirit   +   c - +1 leather armour
rPois   .          Reflect  .   (no helmet)
rElec   .          Harm     .   (no cloak)
rCorr   .          Rampage  .   (no gloves)
Will    .....                   (no boots)
Stlth   ++........              n - amulet of guardian spirit
HPRegen 0.17/turn               i - ring of flight
MPRegen 0.12/turn               (no ring)

@: brilliant, flying, hasted, very quick
A: fangs 1, strong nose, distributed training
a: no special abilities


You were on level 4 of the Dungeon.
You visited 1 branch of the dungeon, and saw 4 of its levels.

You collected 107 gold pieces.

Inventory:

Hand Weapons
 a - a +3 hand crossbow
 d - a +0 dagger
 e - a +0 whip
 o - a +1 vampiric scythe (weapon)
Missiles
 b - 51 bolts
Armour
 c - a +1 leather armour (worn)
Jewellery
 i - a ring of flight (left hand)
 n - an amulet of guardian spirit (around neck)
Scrolls
 m - a scroll of fear


   Skills:
 + Level 6.8 Fighting
 + Level 1.8 Short Blades
 + Level 1.8 Long Blades
 + Level 1.8 Axes
 + Level 1.8 Maces & Flails
 + Level 1.8 Polearms
 + Level 1.8 Staves
 + Level 1.8 Slings
 + Level 1.8 Bows
 + Level 4.9 Crossbows
 + Level 1.8 Throwing
 + Level 4.9 Armour
 + Level 1.8 Dodging
 + Level 1.8 Stealth
 + Level 1.8 Shields
 + Level 1.8 Unarmed Combat
 + Level 3.3 Spellcasting
 + Level 1.4 Conjurations
 + Level 1.4 Hexes
 + Level 1.4 Summonings
 + Level 4.1 Necromancy
 + Level 1.4 Translocations
 + Level 1.4 Transmutations
 + Level 1.4 Fire Magic
 + Level 1.4 Ice Magic
 + Level 1.4 Air Magic
 + Level 1.4 Earth Magic
 + Level 1.4 Poison Magic
 + Level 2.0 Invocations
 + Level 1.8 Evocations


You had 9 spell levels left.
You knew the following spells:

 Your Spells              Type           Power      Damage    Failure   Level
a - Corpse Rot            Necr/Air       16%        N/A       19%         2

Your spell library contained the following spells:

 Spells                   Type           Power      Damage    Failure   Level
 Sublimation of Blood     Necr           11%        N/A       11%         2
 Gell's Gravitas          Tloc           5%         N/A       52%         3
 Lesser Beckoning         Tloc           5%         N/A       52%         3
 Teleport Other           Tloc           5%         N/A       52%         3
 Summon Ice Beast         Ice/Summ       5%         N/A       90%         4
 Summon Mana Viper        Hex/Summ       5%         N/A       99%         5
 Monstrous Menagerie      Summ           2%         N/A       100%        7


Dungeon Overview and Level Annotations

Branches:
Dungeon (4/15)
 Temple: D:4-7

Altars:
Sif Muna

Annotations:
D:4 Ijyb


Innate Abilities, Weirdness & Mutations

You have very sharp teeth.
Your uncanny sense of smell can sniff out nearby items.
Your experience applies equally to all skills.


Message History

The puff of flame hits you. Something hits you but does no damage.
You miss something. Something hits you.
You hear a zap.
A puff of flame appears from out of thin air!
The puff of flame hits you.
* * * LOW HITPOINT WARNING * * *
You miss something. Your bite misses something. Something hits you!
* * * LOW HITPOINT WARNING * * *
Something hits you but does no damage.
It was a potion of brilliance.
You feel clever all of a sudden. Something hits you.
* * * LOW HITPOINT WARNING * * *
It was a potion of haste.
You feel yourself speed up. Something hits you.
* * * LOW HITPOINT WARNING * * *
It was a potion of curing.
You feel better.
You miss something. Your bite misses something.
Something hits you but does no damage.
You hear a zap.
A puff of flame appears from out of thin air!
The puff of flame misses you.
You barely miss something. Something hits you.
* * * LOW HITPOINT WARNING * * *
You closely miss something.
You hear a zap.
A puff of flame appears from out of thin air!
The puff of flame hits you.
* * * LOW HITPOINT WARNING * * *
You barely miss something.
You hear a zap.
A puff of flame appears from out of thin air!
The puff of flame hits you!
* * * LOW HITPOINT WARNING * * *
Something hits you.
* * * LOW HITPOINT WARNING * * *
You barely miss something.
You hear a zap.
A puff of flame appears from out of thin air!
The puff of flame hits you.
You die...

#.## .. #..# ..# ##..#
.... ##...## #....
##.....## #.....
#######.......###......
##....#...............#
#...............@{.(#
.............###.....#
#..........###
###.....# #..........#
.#..(. #..........# #
##. ...........#
...........#
#...........#
##........##..


There were no monsters in sight!

Vanquished Creatures
  Sigmund (D:2)
  4 gnolls (D:3)
  2 adders
  2 worms
  2 dart slugs
  4 ball pythons
  8 endoplasms
  5 giant cockroaches
  3 goblins
  3 hobgoblins
  5 kobolds
  3 quokkas (D:1)
  4 bats
  A frilled lizard (D:1)
  5 rats
52 creatures vanquished.

Notes
Turn   | Place    | Note
-------+----------+-------------------------------------------
     0 | D:1      | DearestLeader the Gnoll Wanderer began the quest for the
                  | Orb.
     0 | D:1      | DearestLeader set off with the following items: a +3 hand
                  | crossbow, 31 bolts, a +0 leather armour; and the following
                  | spells available to memorise: Sublimation of Blood, Corpse
                  | Rot
     0 | D:1      | Reached XP level 1. HP: 23/23 MP: 4/4
    17 | D:1      | Reached XP level 2. HP: 29/29 MP: 5/5
   398 | D:1      | Reached XP level 3. HP: 35/35 MP: 7/7
   760 | D:1      | Found a faded altar of an unknown god.
   993 | D:2      | Found a shimmering blue altar of Sif Muna.
  1025 | D:2      | Reached skill level 1 in Invocations
  1205 | D:2      | Reached skill level 1 in Short Blades
  1205 | D:2      | Reached skill level 1 in Long Blades
  1205 | D:2      | Reached skill level 1 in Axes
  1205 | D:2      | Reached skill level 1 in Maces & Flails
  1205 | D:2      | Reached skill level 1 in Polearms
  1205 | D:2      | Reached skill level 1 in Staves
  1205 | D:2      | Reached skill level 1 in Slings
  1205 | D:2      | Reached skill level 1 in Bows
  1205 | D:2      | Reached skill level 1 in Throwing
  1205 | D:2      | Reached skill level 1 in Dodging
  1205 | D:2      | Reached skill level 1 in Stealth
  1205 | D:2      | Reached skill level 1 in Shields
  1205 | D:2      | Reached skill level 1 in Unarmed Combat
  1205 | D:2      | Reached skill level 1 in Evocations
  1205 | D:2      | Noticed Sigmund
  1912 | D:2      | Killed Sigmund
  1913 | D:2      | Reached skill level 1 in Conjurations
  1913 | D:2      | Reached skill level 1 in Hexes
  1913 | D:2      | Reached skill level 1 in Summonings
  1913 | D:2      | Reached skill level 1 in Translocations
  1913 | D:2      | Reached skill level 1 in Transmutations
  1913 | D:2      | Reached skill level 1 in Fire Magic
  1913 | D:2      | Reached skill level 1 in Ice Magic
  1913 | D:2      | Reached skill level 1 in Air Magic
  1913 | D:2      | Reached skill level 1 in Earth Magic
  1913 | D:2      | Reached skill level 1 in Poison Magic
  1913 | D:2      | Reached XP level 4. HP: 39/41 MP: 8/8
  1913 | D:2      | Reached XP level 5. HP: 44/47 MP: 9/9
  2218 | D:3      | Learned a level 2 spell: Corpse Rot
  2237 | D:3      | Reached XP level 6. HP: 47/53 MP: 8/10
  2728 | D:4      | Noticed Ijyb
  2752 | D:4      | HP: 2/53 [something/puff of flame (6)]
  2753 | D:4      | Killed from afar by Ijyb

Illustrated notes

Levels and vault maps discovered:
D:1:      wander_arrival_peaceful_grave, layout_basic,
          shapermc_ecumenical_altar_hornbeckon
D:2:      layout_basic, basic_altar, uniq_sigmund
D:3:      layout_rooms
D:4:      layout_layer_cave, kennysheep_mini_moat,
          gammafunk_ghost_abyssal_escape, serial_shops, shop, minivault_23,
          uniq_blork_the_orc, uniq_ijyb

Skill      XL: |  1  2  3  4  5 |
---------------+----------------+-----
Invocations    | 1 2 |  2.0
Short Blades   | 1 |  1.8
Long Blades    | 1 |  1.8
Axes           | 1 |  1.8
Maces & Flails | 1 |  1.8
Polearms       | 1 |  1.8
Staves         | 1 |  1.8
Slings         | 1 |  1.8
Bows           | 1 |  1.8
Throwing       | 1 |  1.8
Dodging        | 1 |  1.8
Stealth        | 1 |  1.8
Shields        | 1 |  1.8
Unarmed Combat | 1 |  1.8
Evocations     | 1 |  1.8
Spellcasting   | 3 |  3.3
Conjurations   | 1 |  1.4
Hexes          | 1 |  1.4
Summonings     | 1 |  1.4
Necromancy     | 4 |  4.1
Translocations | 1 |  1.4
Transmutations | 1 |  1.4
Fire Magic     | 1 |  1.4
Ice Magic      | 1 |  1.4
Air Magic      | 1 |  1.4
Earth Magic    | 1 |  1.4
Poison Magic   | 1 |  1.4
Fighting       | |  6.8
Crossbows      | |  4.9
Armour         | |  4.9

Action                   |  1- 3 |  4- 6 || total
-------------------------+-------+-------++-------
Melee: Scythe            |       |    10 ||    10
 Fire: Hand crossbow     |    78 |    47 ||   125
 Cast: Corpse Rot        |       |     2 ||     2
  Use: Scroll            |       |     8 ||     8
       Potion            |       |     3 ||     3
Armor: Leather armour    |     3 |     5 ||     8
Dodge: Dodged            |     5 |    11 ||    16
